 Dungeon Crawl Stone Soup version 0.21.1-1-g345015f (webtiles) character file.

1376 inc the Conjurer (level 8, -5/36 HPs)
             Began as a Felid Ice Elementalist on Feb 19, 2018.
             Was a Priest of Sif Muna.
             Killed from afar by Psyche (10 damage)
             ... with a magic dart
             ... on level 8 of the Dungeon.
             The game lasted 00:57:10 (14793 turns).

inc the Conjurer (Felid Ice Elementalist)          Turns: 14793, Time: 00:57:10

Health: -5/36      AC:  2    Str:  4    XL:     8   Next: 39%
Magic:  21/25      EV: 21    Int: 20    God:    Sif Muna [***...]
Gold:   421        SH:  0    Dex: 17    Spells: 3/17 levels left
                                        Lives:  0   Deaths: 3

rFire    . . .     SeeInvis +     - Unarmed
rCold    . . .     Gourm    .   (shield unavailable)
rNeg     . . .     Faith    .   (armour unavailable)
rPois    .         Spirit   .   (helmet unavailable)
rElec    .         Reflect  .   (cloak unavailable)
rCorr    .         Harm     .   (gloves unavailable)
MR       +....                  (boots unavailable)
Stlth    +++++.....             (no amulet)
HPRegen  0.12/turn              q - ring of magical power
MPRegen  0.19/turn              y - ring of stealth

@: quick
A: very small, no armour, no weapons or thrown items, stealth, claws 1, fangs 3,
see invisible, carnivore, speed 1, shaggy fur 2, slow metabolism 1, sharp paws
a: Divine Energy, Channel Magic, Renounce Religion


You were on level 8 of the Dungeon.
You worshipped Sif Muna.
Sif Muna was most pleased with you.
You were not hungry.

You visited 2 branches of the dungeon, and saw 12 of its levels.

You collected 421 gold pieces.

Inventory:

Jewellery
 q - a ring of magical power (left paw)
 x - an uncursed ring of magical power
 y - a ring of stealth (right paw)
 A - an uncursed ring of fire
Wands
 n - a wand of paralysis (18)
 p - a wand of flame (25)
 E - a wand of acid (9)
Scrolls
 c - 2 scrolls of enchant weapon {unknown}
 f - a scroll of amnesia {unknown}
 i - a scroll of teleportation {unknown}
 j - 2 scrolls of blinking
 l - 6 scrolls of remove curse
 o - 2 scrolls of magic mapping
 r - a scroll of fog
 s - a scroll of noise {unknown}
 B - a scroll of brand weapon {unknown}
 C - a scroll of fear
Potions
 e - 5 potions of brilliance
 h - 2 potions of magic
 k - 2 potions of degeneration
 m - 4 potions of heal wounds
 t - 3 potions of cancellation
 u - 2 potions of agility
 v - a potion of curing
 w - a potion of haste
 z - a potion of might
 D - a potion of invisibility
Books
 a - a book of Frost

   Spells                             Type                      Level
   a - Freeze                         Ice                          1
   b - Throw Frost                    Conjuration/Ice              2
   c - Ozocubu's Armour               Charms/Ice                   3
   d - Throw Icicle                   Conjuration/Ice              4
   e - Summon Ice Beast               Ice/Summoning                4
 g - a book of Misfortune

   Spells                             Type                      Level
   a - Confusing Touch                Hexes                        1
   b - Confuse                        Hexes                        3
   c - Gell's Gravitas                Translocation                3
   d - Petrify                        Transmutation/Earth          4
   e - Metabolic Englaciation         Hexes/Ice                    5
   f - Yara's Violent Unravelling     Hexes/Transmutation          5
 G - a book of Beasts

   Spells                             Type                      Level
   a - Summon Butterflies             Summoning                    1
   b - Call Canine Familiar           Summoning                    3
   c - Summon Ice Beast               Ice/Summoning                4
   d - Summon Mana Viper              Hexes/Summoning              5
   e - Summon Hydra                   Summoning                    7
Miscellaneous
 F - a sack of spiders
Comestibles
 b - 11 rations


   Skills:
 - Level 4.9 Fighting
 - Level 5.3 Dodging
 + Level 6.2 Stealth
 - Level 4.2 Unarmed Combat
 - Level 5.0 Spellcasting
 + Level 7.0 Conjurations
 - Level 2.7 Hexes
 - Level 4.3 Charms
 - Level 6.6 Translocations
 - Level 5.0 Ice Magic
 + Level 4.4 Invocations


You had 3 spell levels left.
You knew the following spells:

 Your Spells              Type           Power        Failure   Level  Hunger
a - Freeze                Ice            ####         1%          1    None
b - Confuse               Hex            ###.....     11%         3    ##.....
c - Ozocubu's Armour      Chrm/Ice       ###.....     4%          3    ##.....
d - Gell's Gravitas       Tloc           ####......   2%          3    ##.....
e - Throw Icicle          Conj/Ice       ####....     10%         4    ####...


Dungeon Overview and Level Annotations

Branches:
Dungeon (11/15)            Temple (1/1) D:5            Lair (0/6) D:11
    Orc (0/2) D:9

Altars:
Ashenzari
Cheibriados
Dithmenos
Elyvilon
Fedhas
Gozag
Hepliaklqana
Kikubaaqudgha
Makhleb
Nemelex Xobeh
Okawaru
Qazlal
Ru
Sif Muna
Trog
Uskayaw
Vehumet
Wu Jian
Xom
Yredelemnul
Zin
The Shining One
Beogh

Shops:
D:5 (   D:8 ?

Portals:
Trove: D:11 (give 7 potions of haste)

Annotations:
D:2 Sigmund
D:8 Psyche


Innate Abilities, Weirdness & Mutations

You cannot wear armour.
You are incapable of wielding weapons or throwing items.
Your paws allow you to move quietly. (Stealth)
You have sharp claws.
You have razor-sharp teeth.
You have supernaturally acute eyesight. (SInv)
You are carnivorous and can eat meat at any time.
You cover ground quickly.
You are covered in thick fur. (AC +2)
You have a slow metabolism.
Your sharp claws are effective at attacking unaware monsters.


Message History

The orc shouts!
There is a stone staircase leading up here.
The orc misses you.
You climb upwards.
Level annotation: Psyche Psyche gestures wildly while chanting.
Psyche seems to speed up.
There is a stone staircase leading down here.
Psyche completely misses you.
There is an open door here.
Your icy armour starts to melt.
Psyche barely misses you. Psyche barely misses you.
Psyche points at you and mumbles some strange words.
The puff of frost misses you.
Psyche looks encouraged for a moment.
Your icy armour evaporates.
Psyche points at you and mumbles some strange words.
The magic dart hits you!
You die...

...####......>..####.......###...
#.## ##.......## ##..##### ####
### ##.....## ##.# ## ##...## #.#
.## ##'## #.# #.# #o# #.# .## #.#
#.# ## ##.##########.# # #
##..o..@@......# # #
#.....########## # # #....## #
#########.#.## # ....@.....### #
########### # # #


You could see Psyche and an orc.

Vanquished Creatures
  A two-headed ogre (D:10)
  A troll (D:9)
  3 hippogriffs
  A shadow (D:10)
  A hungry ghost (D:10)
  A steam dragon (D:10)
  2 hell hounds (D:11)
  2 water moccasins
  4 orc warriors
  2 sky beasts
  3 ogres
  3 centaurs
  A big kobold (D:10)
  3 bullfrogs
  A scorpion (D:7)
  A wight (D:7)
  2 howler monkeys
  5 crimson imps
  3 jellies
  A quasit (D:9)
  2 centaur skeletons
  2 hounds
  7 orc wizards
  7 orc priests
  A gnoll shaman (D:3)
  2 bullfrog skeletons
  2 iguanas
  4 worker ants
  A hound skeleton (D:5)
  15 gnolls
  A howler monkey zombie (D:9)
  14 adders
  A howler monkey skeleton (D:8)
  A shadow imp (D:10)
  2 oozes
  An adder skeleton (D:7)
  4 worms
  6 leopard geckos
  59 orcs
  A ball python (D:8)
  8 bats
  3 giant cockroaches
  6 hobgoblins
  6 jackals
  6 quokkas
  6 frilled lizards
  8 goblins
  A jackal skeleton (D:6)
  A jackal zombie (D:8)
  3 kobolds
  A leopard gecko skeleton (D:8)
  6 rats
229 creatures vanquished.

Notes
Turn   | Place    | Note
-------+----------+-------------------------------------------
     0 | D:1      | inc the Felid Ice Elementalist began the quest for the Orb.
     0 | D:1      | Reached XP level 1. HP: 7/7 MP: 4/4
   237 | D:1      | Reached XP level 2. HP: 11/11 MP: 3/6
   703 | D:2      | Reached XP level 3. HP: 9/14 MP: 2/7
  1037 | D:2      | Noticed Sigmund
  1918 | D:4      | Reached XP level 4. HP: 18/18 MP: 6/9
  2245 | D:4      | Noticed an ogre
  3083 | D:2      | Learned a level 3 spell: Confuse
  3087 | D:2      | Learned a level 3 spell: Ozocubu's Armour
  3261 | D:3      | Reached skill level 1 in Fighting
  3850 | D:3      | Reached XP level 5. HP: 22/22 MP: 5/11
  4860 | D:4      | Killed an ogre
  4860 | D:4      | Gained mutation: You are covered in thick fur. (AC +2) [Felid growth]
  4860 | D:4      | Reached XP level 6. HP: 23/26 MP: 0/12
  5290 | D:4      | Reached skill level 1 in Charms
  5651 | D:5      | Entered Level 5 of the Dungeon
  5672 | D:5      | Found Kiushru's Antique Weapon Shop.
  5679 | D:5      | Reached skill level 1 in Unarmed Combat
  5724 | D:5      | Reached XP level 7. HP: 30/30 MP: 11/14
  6008 | D:5      | Found a staircase to the Ecumenical Temple.
  6018 | Temple   | Entered the Ecumenical Temple
  6158 | Temple   | Became a worshipper of Sif Muna the Loreminder
  6846 | D:6      | Noticed a hippogriff
  7392 | D:6      | Reached skill level 5 in Dodging
  7615 | D:6      | Killed a hippogriff
  7615 | D:6      | Reached skill level 5 in Spellcasting
  7615 | D:6      | Reached XP level 8. HP: 12/34 MP: 16/16
  8229 | D:7      | Found a sacrificial altar of Ru.
  8669 | D:8      | Noticed Psyche
  8692 | D:8      | Slain by Psyche
  8693 | D:8      | Reached XP level 7. HP: -1/33 MP: 33/33
  8693 | D:8      | Found Venac's Magic Scroll Boutique.
  8742 | D:8      | Reached * piety under Sif Muna
  8748 | D:8      | Reached skill level 5 in Ice Magic
  8772 | D:8      | Learned a level 3 spell: Gell's Gravitas
  8792 | D:8      | Reached skill level 1 in Translocations
  8976 | D:7      | Noticed a hippogriff
  9002 | D:7      | Killed a hippogriff
  9002 | D:7      | Reached skill level 5 in Translocations
  9002 | D:7      | Reached XP level 8. HP: 16/36 MP: 16/16
  9035 | D:7      | Found a sand-covered staircase.
  9272 | D:7      | Reached skill level 1 in Hexes
 10332 | D:8      | Found a basalt altar of Yredelemnul.
 10356 | D:8      | Reached ** piety under Sif Muna
 10735 | D:9      | Learned a level 4 spell: Throw Icicle
 11380 | D:8      | Reached skill level 1 in Conjurations
 11605 | D:8      | Reached skill level 2 in Conjurations
 11778 | D:8      | Reached XP level 9. HP: 40/40 MP: 17/17
 11958 | D:9      | Noticed a troll
 11967 | D:9      | Killed a troll
 11967 | D:9      | Reached skill level 3 in Conjurations
 12165 | D:9      | Reached skill level 4 in Conjurations
 12728 | D:9      | Found a roughly hewn altar of Beogh.
 12728 | D:9      | Found a staircase to the Orcish Mines.
 12735 | D:9      | Reached skill level 5 in Conjurations
 12738 | D:9      | Reached *** piety under Sif Muna
 12739 | D:9      | Noticed a two-headed ogre
 13156 | D:10     | Entered Level 10 of the Dungeon
 13162 | D:10     | Noticed a two-headed ogre
 13402 | D:10     | Reached skill level 6 in Conjurations
 14074 | D:10     | Noticed a two-headed ogre
 14087 | D:10     | Killed a two-headed ogre
 14087 | D:10     | Reached skill level 5 in Stealth
 14087 | D:10     | Reached XP level 10. HP: 27/43 MP: 3/18
 14465 | D:11     | Noticed a two-headed ogre
 14472 | D:11     | HP: 1/43 [two-headed ogre/giant spiked club (24)]
 14472 | D:11     | Mangled by a two-headed ogre
 14473 | D:11     | Reached XP level 9. HP: -8/40 MP: 22/26
 14473 | D:11     | Found a staircase to the Lair.
 14562 | D:11     | Splashed by an acid dragon's acid
 14563 | D:11     | Reached XP level 8. HP: -1/36 MP: 18/25
 14691 | D:11     | Found a portal to a secret trove of treasure.
 14738 | D:10     | Noticed a dream sheep
 14739 | D:10     | Noticed a dream sheep
 14757 | D:10     | Reached skill level 7 in Conjurations
 14793 | D:8      | Killed from afar by Psyche

Skill      XL: |  1  2  3  4  5  6  7  8  9 10 |
---------------+-------------------------------+-----
Ice Magic      | 3 4 5 |  5.0
Stealth        | 3 4 6 |  6.2
Spellcasting   | 3 4 5 |  5.0
Fighting       | 1 2 3 4 |  4.9
Dodging        | 3 4 5 |  5.3
Charms         | 1 4 3 |  4.3
Unarmed Combat | 1 4 |  4.2
Translocations | 5 6 |  6.6
Hexes          | 2 |  2.7
Conjurations   | 7 6 |  7.0
Invocations    | 3 4 |  4.4

Action                   |  1- 3 |  4- 6 |  7- 9 | 10-12 || total
-------------------------+-------+-------+-------+-------++-------
Melee: Unarmed           |    16 |    34 |   284 |     2 ||   336
       Bite              |     2 |     3 |    22 |       ||    27
       Punch             |       |       |     3 |       ||     3
 Cast: Freeze            |    55 |   120 |   326 |     5 ||   506
       Ozocubu's Armour  |       |    12 |    41 |     1 ||    54
       Confuse           |       |     1 |     6 |       ||     7
       Gell's Gravitas   |       |       |    13 |       ||    13
       Throw Icicle      |       |       |    13 |     1 ||    14
  Use: Scroll            |       |       |    17 |       ||    17
       Potion            |       |       |     1 |       ||     1
 Stab: Sleeping          |    11 |     8 |    19 |     2 ||    40
       Confused          |       |       |     1 |       ||     1
  Eat: Chunk             |     2 |    10 |    23 |       ||    35
       Ration            |       |       |       |     1 ||     1
Armor: Skin              |     1 |    11 |   105 |       ||   117
Dodge: Dodged            |    42 |   129 |   550 |     9 ||   730
